 Dungeon Crawl Stone Soup version 0.32-a0-39-g5c88369fb2 (webtiles) character file.

Game seed: 218807820711564763

1570360 Ge0ff the Armataur Pup (level 26, 205/205 (208) HPs)
             Began as an Armataur Alchemist on Jan 24, 2024.
             Was a Follower of Hepliaklqana.
             Escaped with the Orb
             ... and 3 runes on Jan 25, 2024!
             The game lasted 03:46:42 (79045 turns).

Ge0ff the Armataur Pup (Armataur Alchemist)        Turns: 79045, Time: 03:46:42

HP:   205/205 (208) AC: 19    Str: 22    XL:     26   Next: 42%
MP:   37/37         EV: 14    Int: 23    God:    Hepliaklqana [*.....]
Gold: 1595          SH:  0    Dex: 21    Spells: 8/45 levels left

rFire   + . .        m - serpent talisman of the Slorg {rElec rCorr Slay+3}
rCold   + + .        (no shield)
rNeg    + . .        D - +3 troll leather armour
rPois   +            Q - -2 hat of the Alchemist {rElec rPois rF+ rC+ rN+ Will+ rMut rCorr}
rElec   +            y - +0 cloak of the Apprentice {rCorr Str+5 Slay+3 Stlth-}
rCorr   +            Z - +0 pair of gloves "Fimopn" {Will+ Str+2 Int+3 Slay+5}
SInv    +            e - +3 barding of the Unbroken {Rampage}
Will    ++++.        G - amulet "Ariogo Neacw" {Faith rC+ Will+ Slay+6}
Stlth   +            k - ring of Zyvetz {Dex+4 SInv}
HPRegen 1.34/turn    A - +4 ring of slaying {=R}
MPRegen 0.25/turn

%: resist mutation, roll, faith
@: hasted, studying 2 skills, lightly drained, very quick
A: reduced essence, large, deformed body, tough skin 3, armoured tail, roll 2
0: Orb of Zot
}: 3/15 runes: decaying, silver, gossamer
a: Renounce Religion, Recall Ancestor, Ancestor Identity


You escaped.
You worshipped Hepliaklqana.
Hepliaklqana was aware of your devotion.
You visited 10 branches of the dungeon, and saw 48 of its levels.
You visited 1 bazaar.
You also visited: Trove, Bailey, Gauntlet and Ice Cave.

You collected 10130 gold pieces.
You spent 8535 gold pieces at shops.

Inventory:

Hand Weapons
 a - the +7 longbow of the Puffin {speed, Int+4}
   (You found it in a treasure trove)

   Int+4:     It affects your intelligence (+4).
 b - a +9 longbow of draining
 h - a +7 triple crossbow of chaos
Missiles
 g - 6 javelins
 v - 18 curare-tipped darts {=F}
 w - 5 silver javelins
 Y - 14 darts of dispersal
Armour
 e - the +3 barding of the Unbroken (worn) {Rampage}
   (You acquired it on level 4 of the Vaults)

   Rampage:   It bestows one free step when moving towards enemies.
 x - the +1 cloak of the Moon {rF+ rCorr}
   (You found it in a Gauntlet)

   rF+:       It protects you from fire.
   rCorr:     It protects you from acid and corrosion.
 y - the +0 cloak of the Apprentice (worn) {rCorr Str+5 Slay+3 Stlth-}
   (You found it on level 4 of the Realm of Zot)

   Str+5:     It affects your strength (+5).
   Slay+3:    It affects your accuracy & damage with ranged weapons and melee
   (+3).
   rCorr:     It protects you from acid and corrosion.
   Stlth-:    It makes you less stealthy.
 D - a +3 troll leather armour (worn)
 Q - the -2 hat of the Alchemist (worn) {rElec rPois rF+ rC+ rN+ Will+ rMut rCorr}
   (You found it on level 3 of the Elven Halls)

   rF+:       It protects you from fire.
   rC+:       It protects you from cold.
   rElec:     It insulates you from electricity.
   rPois:     It protects you from poison rN+: It protects you from negative
   energy.
   Will+:     It increases your willpower.
   rCorr:     It protects you from acid and corrosion.
   rMut:      It protects you from mutation.
 Z - the +0 pair of gloves "Fimopn" (worn) {Will+ Str+2 Int+3 Slay+5}
   (You acquired it on level 2 of the Vaults)

   Str+2:     It affects your strength (+2).
   Int+3:     It affects your intelligence (+3).
   Slay+5:    It affects your accuracy & damage with ranged weapons and melee
   (+5).
   Will+:     It increases your willpower.
Jewellery
 i - a ring of flight
 k - the ring of Zyvetz (left hand) {Dex+4 SInv}
   (You found it in a treasure trove)

   [ring of see invisible]

   Dex+4:     It affects your dexterity (+4).
   SInv:      It lets you see invisible.
 A - a +4 ring of slaying (right hand) {=R}
 G - the amulet "Ariogo Neacw" (around neck) {Faith rC+ Will+ Slay+6}
   (You found it on level 11 of the Dungeon)

   [amulet of faith]

   Faith:     It allows you to gain divine favour quickly.
   Slay+6:    It affects your accuracy & damage with ranged weapons and melee
   (+6).
   rC+:       It protects you from cold.
   Will+:     It increases your willpower.
 L - the ring of Hepliaklqana's Pride {Ice rElec rN+ Str+5}
   (You found it on level 4 of the Realm of Zot)

   [ring of ice]

   Ice:       It enhances your ice magic.
   Str+5:     It affects your strength (+5).
   rF-:       It makes you vulnerable to fire.
   rC+:       It protects you from cold.
   rElec:     It insulates you from electricity.
   rN+:       It protects you from negative energy.
 M - a ring of protection from fire
Talismans
 m - the serpent talisman of the Slorg (in hand) {rElec rCorr Slay+3}
   (You took it off Aizul on level 3 of the Spider Nest)

   [serpent talisman]

   Slay+3:    It affects your accuracy & damage with ranged weapons and melee
   (+3).
   rElec:     It insulates you from electricity.
   rCorr:     It protects you from acid and corrosion.
Wands
 d - a wand of digging (21)
 f - a wand of flame (112)
 j - a wand of light (16)
 p - a wand of paralysis (55)
 r - a wand of roots (18)
 s - a wand of mindburst (96)
 P - a wand of polymorph (44)
Scrolls
 B - 9 scrolls of blinking
 C - 11 scrolls of poison
 E - 7 scrolls of fear
 F - 12 scrolls of fog
 J - a scroll of silence {!r}
 S - 3 scrolls of butterflies
 T - 17 scrolls of teleportation
 V - 6 scrolls of vulnerability
Potions
 o - 4 potions of ambrosia
 q - 14 potions of curing
 u - 16 potions of mutation {!q}
 z - 6 potions of brilliance
 H - a potion of haste {!q}
 I - a potion of invisibility
 K - 5 potions of magic {!q}
 N - 6 potions of cancellation {!q}
 R - a potion of resistance
 W - 10 potions of heal wounds {!q}
 X - 13 potions of enlightenment
Miscellaneous
 l - a lightning rod (4/4)
 n - a phial of floods
 t - a tin of tremorstones (1/2)
 O - a sack of spiders
 U - a phantom mirror (inert)


   Skills:
 - Level 18.0 Fighting
 - Level 1.0 Short Blades
 - Level 20.0 Ranged Weapons
 - Level 2.0 Throwing
 + Level 12.6 Armour
 + Level 10.4 Dodging
 + Level 8.9 Stealth
 - Level 10.0 Spellcasting
 - Level 12.0 Conjurations
 - Level 5.0 Summonings
 + Level 9.9 Necromancy
 - Level 3.0 Translocations
 - Level 2.0 Air Magic
 - Level 10.0 Earth Magic
 - Level 12.0 Alchemy
 - Level 20.1 Invocations
 + Level 16.6 Evocations


You had 8 spell levels left.
You knew the following spells:

 Your Spells              Type           Power      Damage    Failure   Level
g - Apportation           Tloc           50%        N/A       1%          1
h - Lee's Rapid Deconstr  Erth           27%        3d15*     2%          5
m - Martyr's Knell        Necr/Summ      45%        N/A       3%          4
n - Dispel Undead         Necr           55%        3d20      1%          4
r - Olgreb's Toxic Radia  Alch           61%        N/A       1%          4
s - Eringya's Noxious Bo  Alch           30%        4d6       7%          6
w - Passwall              Erth           55%        N/A       1%          3
B - Blink                 Tloc           50%        N/A       2%          2
C - Stone Arrow           Conj/Erth      100%       3d13      1%          3
E - Irradiate             Conj/Alch      30%        3d21      1%          5

Your spell library contained the following spells:

 Spells                   Type           Power      Damage    Failure   Level
 Kiss of Death            Conj/Necr      100%       2d13      1%          1
 Magic Dart               Conj           100%       1d8       1%          1
 Necrotise                Necr           100%       1d9       1%          1
 Sandblast                Erth           100%       2d20      1%          1
 Shock                    Conj/Air       100%       1d9       1%          1
 Sting                    Conj/Alch      100%       1d9       1%          1
 Summon Small Mammal      Summ           100%       N/A       1%          1
 Call Imp                 Summ           68%        N/A       1%          2
 Cigotuvi's Dreadful Rot  Necr/Alch/Air  96%        N/A       1%          2
 Mercury Vapours          Alch/Air       86%        N/A       1%          2
 Static Discharge         Conj/Air       86%        3-7/arc   1%          2
 Sublimation of Blood     Necr           55%        N/A       1%          2
 Dazzling Flash           Conj/Hex       78%        N/A       1%          3
 Fugue of the Fallen      Necr           55%        N/A       1%          3
 Hailstorm                Conj/Ice       39%        3d9       1%          3
 Mephitic Cloud           Conj/Alch/Air  50%        N/A       1%          3
 Vampiric Draining        Necr           55%        2d9       1%          3
 Animate Dead             Necr           55%        N/A       1%          4
 Brom's Barrelling Bould  Conj/Erth      58%        2d7       1%          4
 Leda's Liquefaction      Alch/Erth      29%        N/A       1%          4
 Petrify                  Alch/Erth      58%        N/A       1%          4
 Alistair's Intoxication  Alch           40%        N/A       1%          5
 Iskenderun's Battlesphe  Conj           61%        2d11      1%          5
 Lesser Beckoning         Tloc           50%        N/A       2%          2
 Call Canine Familiar     Summ           34%        N/A       2%          3
 Animate Armour           Summ/Erth      92%        N/A       2%          4
 Iskenderun's Mystic Bla  Conj/Tloc      46%        2d10      2%          4
 Borgnjor's Vile Clutch   Necr/Erth      27%        N/A       3%          5
 Curse of Agony           Necr           55%        N/A       3%          5
 Gell's Gravitas          Tloc           25%        N/A       5%          3
 Teleport Other           Tloc           25%        N/A       5%          3
 Ignite Poison            Fire/Alch      39%        N/A       5%          4
 Sticky Flame             Fire/Alch      39%        2d8       5%          4
 Summon Ice Beast         Ice/Summ       23%        N/A       7%          3
 Swiftness                Air            20%        N/A       9%          3
 Anguish                  Hex/Necr       17%        N/A       9%          4
 Ensorcelled Hibernation  Hex/Ice        22%        N/A       10%         2
 Jinxbite                 Hex            22%        N/A       10%         2
 Volatile Blastmotes      Fire/Tloc      36%        2d13      10%         3
 Bombard                  Conj/Erth      29%        9d5       11%         6
 Summon Lightning Spire   Summ/Air       27%        N/A       14%         4
 Yara's Violent Unravell  Hex/Alch       19%        3d9       14%         5
 Death Channel            Necr           27%        N/A       16%         6
 Confusing Touch          Hex            11%        N/A       19%         3
 Frozen Ramparts          Ice            22%        1d4       19%         3
 Ozocubu's Armour         Ice            11%        N/A       19%         3
 Tukima's Dance           Hex            11%        N/A       19%         3
 Manifold Assault         Tloc           25%        N/A       19%         4
 Passage of Golubria      Tloc           25%        N/A       19%         4
 Summon Blazeheart Golem  Fire/Summ      23%        N/A       22%         4
 Airstrike                Air            10%        2d(2-18)  26%         4
 Freezing Cloud           Conj/Ice/Air   16%        6-21      26%         5
 Dimensional Bullseye     Hex/Tloc       9%         N/A       32%         4
 Summon Forest            Summ/Tloc      14%        N/A       32%         5
 Orb of Destruction       Conj           30%        9d10      36%         7
 Conjure Ball Lightning   Conj/Air       21%        3x3d6     47%         6
 Cause Fear               Hex            5%         N/A       52%         4
 Summon Mana Viper        Hex/Summ       23%        N/A       52%         5
 Sculpt Simulacrum        Ice/Alch       19%        N/A       63%         6
 Starburst                Conj/Fire      19%        6d7       63%         6
 Silence                  Hex/Air        8%         N/A       75%         5
 Spellforged Servitor     Conj/Summ      25%        N/A       85%         7
 Metabolic Englaciation   Hex/Ice        5%         N/A       86%         5
 Haunt                    Necr/Summ      22%        N/A       94%         7
 Dispersal                Tloc           12%        N/A       95%         6
 Plasma Beam              Fire/Air       8%         2x1d18    99%         6
 Enfeeble                 Hex            5%         N/A       100%        7
 Malign Gateway           Summ/Tloc      14%        N/A       100%        7
 Monstrous Menagerie      Summ           17%        N/A       100%        7
 Ozocubu's Refrigeration  Ice            5%         4d8       100%        7
 Summon Hydra             Summ           17%        N/A       100%        7
 Discord                  Hex            5%         N/A       100%        8
 Disjunction              Tloc           12%        N/A       100%        8
 Infestation              Necr           27%        N/A       100%        8
 Maxwell's Capacitive Co  Air            10%        ∞         100%        8
 Summon Horrible Things   Summ           17%        N/A       100%        8
 Chain Lightning          Conj/Air       21%        3d28      100%        9
 Death's Door             Necr           27%        N/A       100%        9
 Dragon's Call            Summ           17%        N/A       100%        9
 Fire Storm               Conj/Fire      19%        8d5       100%        9
 Polar Vortex             Ice            5%         N/A       100%        9
 Shatter                  Erth           27%        3d23*     100%        9


Dungeon Overview and Level Annotations

Branches:
Dungeon (15/15)            Temple (1/1) D:6            Lair (5/5) D:11
  Swamp (4/4) Lair:3       Spider (4/4) Lair:2        Slime (0/5) Lair:4
    Orc (2/2) D:11            Elf (3/3) Orc:2        Vaults (5/5) D:14
  Crypt (0/3) Vaults:3     Depths (4/4) D:15            Zot (5/5) Depths:4
 Bailey (visited)           IceCv (visited)         Gauntlet (visited)

Altars:
Ashenzari
Cheibriados
Dithmenos
Elyvilon
Fedhas
Gozag
Hepliaklqana
Kikubaaqudgha
Makhleb
Nemelex Xobeh
Okawaru
Qazlal
Ru
Sif Muna
Trog
Uskayaw
Vehumet
Wu Jian
Xom
Yredelemnul
Zin
The Shining One
Jiyva

Shops:
D:9 *[   D:11 (   Orc:2 (((*   Elf:1 :==   Elf:2 [   Vaults:3 !
Vaults:4 ?*(:?

Portals:
Hell: Depths:1 Depths:2 Depths:3 Depths:4
Abyss: Depths:2 Depths:3 Depths:4
Pandemonium: Depths:2
Ziggurat: Depths:4

Annotations:
Zot:1 2 transporters


Innate Abilities, Weirdness & Mutations

Your life essence is reduced to manifest your ancestor. (-10% HP)
Armour fits poorly on your strangely shaped body.
You have extremely tough skin. (AC +3)
You have a long armoured tail.
You regenerate magic and health when rolling toward enemies. (Rampage Regen)


Message History

You finish taking off the amulet "Ariogo Neacw" {Faith rC+ Will+ Slay+6}.
Hepliaklqana seems less interested in you.
You feel less pious.
You no longer drain nearby creatures when transferring your ancestor.
You start putting on your amulet.
You continue putting on the amulet "Ariogo Neacw" {Faith rC+ Will+ Slay+6}. x5
You finish putting on the amulet "Ariogo Neacw" {Faith rC+ Will+ Slay+6}.
You feel a surge of divine interest.
G - the amulet "Ariogo Neacw" (around neck) {Faith rC+ Will+ Slay+6} You start removing your amulet.
You continue taking off the amulet "Ariogo Neacw" {Faith rC+ Will+ Slay+6}. x4
You finish taking off the amulet "Ariogo Neacw" {Faith rC+ Will+ Slay+6}.
Hepliaklqana seems less interested in you.
You feel less pious.
You can no longer swap creatures with your ancestor.
You start putting on your amulet.
You continue putting on the amulet "Ariogo Neacw" {Faith rC+ Will+ Slay+6}. x2
PupCestor mumbles some strange words.
The ice devil easily resists.
You continue putting on the amulet "Ariogo Neacw" {Faith rC+ Will+ Slay+6}.
PupCestor casts a spell.
PupCestor seems to speed up.
You continue putting on the amulet "Ariogo Neacw" {Faith rC+ Will+ Slay+6}.
PupCestor gestures wildly while chanting.
The ice devil easily resists.
You continue putting on the amulet "Ariogo Neacw" {Faith rC+ Will+ Slay+6}.
You finish putting on the amulet "Ariogo Neacw" {Faith rC+ Will+ Slay+6}.
You feel a surge of divine interest.
G - the amulet "Ariogo Neacw" (around neck) {Faith rC+ Will+ Slay+6} You shoot an arrow.
The arrow hits the ice devil!!
The ice devil is heavily wounded.
You shoot an arrow. The arrow hits the ice devil.
The ice devil is heavily wounded.
You shoot an arrow. The arrow hits the ice devil!
The ice devil is almost dead.
You shoot an arrow. The arrow hits the ice devil!!
You kill the ice devil!
You start removing your amulet.
You continue taking off the amulet "Ariogo Neacw" {Faith rC+ Will+ Slay+6}. x4
You finish taking off the amulet "Ariogo Neacw" {Faith rC+ Will+ Slay+6}.
Hepliaklqana seems less interested in you.
You feel less pious.
You start putting on your amulet.
You continue putting on the amulet "Ariogo Neacw" {Faith rC+ Will+ Slay+6}. x5
You finish putting on the amulet "Ariogo Neacw" {Faith rC+ Will+ Slay+6}.
You feel a surge of divine interest.
G - the amulet "Ariogo Neacw" (around neck) {Faith rC+ Will+ Slay+6}
There is a staircase leading out of the dungeon here.
m - the serpent talisman of the Slorg (in hand) {rElec rCorr Slay+3} You have escaped!

#..##.#....#############.########
......#.##...............#
#........#...#.......#...#
#.###.##.#..###.....###..#
...#.....#...#.......#...#
##########..............##
.................#>.....#
###########.....###.....# ###
#.....@#......## ..##
#......R.......# ...#
#..#.......#...# ...#
#.###.....###..# ##.#
#..#.......#...# ...#
#..............# ####
########..#....# # ##...#### #
#.###


You could see the friendly PupCestor the hexer (fast).

Vanquished Creatures
  4 orbs of fire
  9 ancient liches
  The ghost of Jetoguma the Executioner, a legendary HuBe of Trog (Zot:4)
  Bai Suzhen (Swamp:4)
  the Lernaean hydra (Swamp:4)
  5 Killer Klowns (Zot:5)
  3 caustic shrikes (Depths:4)
  Saint Roka (Depths:2)
  9 golden dragons
  Nikola (Vaults:1)
  A bone dragon (Zot:3)
  A Tzitzimitl (D:1)
  4 electric golems
  Rupert (D:14)
  An Ice Fiend (Zot:3)
  12 tentacled monstrosities
  A lich (Vaults:5)
  2 deep elf blademasters (Elf:3)
  22 Orb Guardians
  3 quicksilver dragons
  A deep elf master archer (Elf:3)
  A walking frostbound tome (Depths:1)
  4 titans (Vaults:5)
  Asterion (Vaults:1)
  2 Executioners
  9 shadow dragons
  9 tengu reavers
  2 fenstrider witches
  13 storm dragons
  3 protean progenitors
  2 draconian knights
  2 draconian scorchers
  3 draconian monks
  7 draconian shifters
  3 fire giants (Depths:3)
  The ghost of Mandevil the Martial Artist, an adept GnSh of Hepliaklqana (Swamp:2)
  13 vault wardens
  4 deep elf sorcerers
  3 iron dragons
  6 frost giants
  Louise (Spider:4)
  An emperor scorpion (Spider:3)
  6 ghost moths
  2 ghouls (Swamp:2)
  2 broodmothers
  2 draconian annihilators (Zot:1)
  2 deep elf elementalists (Elf:3)
  A cacodemon (D:11)
  2 orc warlords
  A reaper (Depths:2)
  11 very ugly things
  2 spriggan defenders (Depths:3)
  A demonspawn blood saint (D:10)
  16 ironbound preservers
  2 formless jellyfish
  A demonspawn corrupter (D:10)
  2 vampire knights
  3 deep elf demonologists
  2 ironbound thunderhulks (Vaults:4)
  13 stone giants
  4 deep elf death magi
  6 green draconians
  8 deep elf annihilators
  3 dire elephants
  Azrael (D:14)
  7 eleionomae
  10 red draconians
  6 purple draconians
  6 white draconians
  2 war gargoyles
  A bunyip (Swamp:1)
  2 spark wasps
  8 black draconians
  An eidolon (Depths:4)
  9 yellow draconians
  6 crystal guardians
  6 ettins
  Snorg (D:14)
  5 fire dragons
  3 deep elf high priests
  A blizzard demon (D:10)
  6 entropy weavers
  A shambling mangrove (Swamp:4)
  12 yaktaur captains
  5 spriggan air magi
  3 great orbs of eyes
  A caustic shrike simulacrum (IceCv)
  2 salamander tyrants (Depths:3)
  24 vault guards
  A rakshasa (Depths:1)
  7 ghost crabs
  24 centaur warriors
  4 peacekeepers
  3 hell beasts
  5 ice dragons
  A radroach (Spider:3)
  An anaconda (Swamp:4)
  3 jorogumos
  2 merfolk aquamancers (Depths:3)
  13 hydras
  9 alligators
  10 ironbound frosthearts
  6 boulder beetles
  5 ogre magi
  4 vampire magi
  A catoblepas (D:13)
  12 death yaks (Lair:5)
  17 dancing weapons
  10 deep troll shamans
  11 two-headed ogres
  A hell hog (Depths:4)
  12 deep troll earth magi
  A tengu warrior (Depths:1)
  5 demonic crawlers
  A shock serpent (shapeshifter) (Depths:4)
  5 orc high priests
  5 occultists
  A hell knight (Depths:1)
  6 spriggan berserkers
  9 deep elf knights
  2 sun demons
  A skyshark (shapeshifter) (Depths:1)
  7 iron trolls
  A sixfirhy (D:11)
  2 skysharks
  6 pharaoh ants
  11 skeletal warriors
  7 goliath frogs
  A salamander mystic (Depths:3)
  2 spriggan druids
  6 arcanists
  A mana viper (shapeshifter) (Vaults:5)
  2 flayed ghosts
  7 swamp dragons
  5 deep elf archers
  77 deep trolls
  4 orb spiders
  2 bog bodies
  9 harpies
  11 ironbound convokers
  3 necromancers
  5 phantasmal warriors
  7 steelbarb worms
  20 deep elf zephyrmancers
  6 lindwurms
  6 orc knights
  An orange crystal statue (IceCv)
  5 orc sorcerers
  An iron dragon zombie (Vaults:3)
  16 wolf spiders
  22 deep elf pyromancers
  38 ugly things
  5 manticores
  5 salamanders
  7 will-o-the-wisps
  5 meliai (Spider:4)
  27 moths of wrath
  A toenail golem (Zot:4)
  An elephant (Lair:5)
  2 kobold blastminers (Orc:1)
  4 cyclopes
  2 storm dragon simulacra (Zot:3)
  23 vault sentinels
  5 black mambas
  A water nymph (Depths:3)
  2 gargoyles
  2 smoke demons
  6 orange demons (D:11)
  A torpor snail (shapeshifter) (Vaults:3)
  5 torpor snails
  3 cane toads
  A hellion (Zot:5)
  3 kobold demonologists (D:12)
  A yaktaur zombie (Vaults:3)
  A large abomination (D:1)
  An unseen horror (shapeshifter) (Elf:2)
  Jeremiah (D:8)
  A golden dragon simulacrum (IceCv)
  A dryad (Depths:3)
  4 freezing wraiths
  33 yaktaurs
  An ice devil (D:1)
  10 komodo dragons
  8 tengu conjurers
  An anaconda simulacrum (IceCv)
  Psyche (D:9)
  6 trolls
  6 bloated husks
  10 hornets
  13 polar bears
  21 tarantellas
  A hellwing (Depths:1)
  A wolf spider simulacrum (D:13)
  9 tyrant leeches
  An alligator simulacrum (IceCv)
  Grinder (D:5)
  2 dream sheep (Lair:5)
  A raiju (Lair:5)
  24 jumping spiders
  6 blink frogs
  2 centaur simulacra
  An air elemental (Elf:2)
  23 culicivoras
  2 wyverns
  2 wraiths
  28 slime creatures
  9 spriggans
  A spriggan (shapeshifter) (D:13)
  3 water elementals
  A dire elephant simulacrum (IceCv)
  54 yaks
  Eustachio (D:6)
  A hog (shapeshifter) (D:13)
  A fire elemental (Elf:1)
  A basilisk (shapeshifter) (D:13)
  A hog (D:15)
  4 basilisks
  A fire bat (shapeshifter) (Elf:1)
  6 steam dragons
  Grum (D:9)
  7 vampire mosquitoes
  4 wargs
  A human (D:15)
  5 small abominations (Gauntlet)
  A glowing shapeshifter zombie (Vaults:3)
  63 redbacks
  A redback simulacrum (D:15)
  2 harpy simulacra (IceCv)
  Edmund (D:5)
  13 water moccasins
  3 acid dragons
  25 swamp worms
  10 hell hounds
  2 hydra simulacra (IceCv)
  3 moth of wrath simulacra (Zot:3)
  16 orc warriors
  An ice beast (D:6)
  Duvessa (D:7)
  13 swamp drakes
  8 ogres
  2 laughing skulls (D:14)
  7 black bears
  27 wolves
  4 ettin simulacra (IceCv)
  12 boggarts
  11 centaurs
  12 kobold brigands
  A human simulacrum (Vaults:3)
  An earth elemental (Elf:1)
  9 bullfrogs
  2 scorpions
  6 wights
  A hornet simulacrum (Gauntlet)
  Dowan (D:6)
  2 howler monkeys
  2 lindwurm simulacra (IceCv)
  6 jellies
  4 electric eels
  4 hounds
  2 bombardier beetles
  31 orc priests
  12 iguanas
  5 hexers
  3 sleepcaps
  27 orc wizards
  8 adders
  7 gnolls (D:3)
  5 dart slugs
  49 orcs
  8 ball pythons
  4 bats (D:1)
  7 endoplasms
  A giant cockroach (D:1)
  12 goblins
  9 hobgoblins
  2 quokkas (D:4)
  20 frilled lizards
  44 kobolds
  4 rats
  4 aspiring fleshes
  2 butterflies
1864 creatures vanquished.

Vanquished Creatures (collateral kills)
  A dread lich (Zot:4)
  3 orbs of fire
  5 Killer Klowns (Zot:5)
  Josephina (Zot:2)
  3 golden dragons
  Jory (Depths:3)
  An electric golem (Zot:5)
  2 tentacled monstrosities
  4 Orb Guardians (Zot:5)
  2 quicksilver dragons
  2 titans (Vaults:5)
  A deep elf master archer (Elf:3)
  A death cob (Zot:5)
  Kirke (D:15)
  3 tengu reavers
  4 storm dragons
  A shadow dragon (Zot:5)
  Aizul (Spider:3)
  Roxanne (D:15)
  3 emperor scorpions
  2 protean progenitors
  A draconian shifter (Zot:5)
  A frost giant (Vaults:5)
  A fire giant (Depths:2)
  An iron dragon (Vaults:5)
  7 vault wardens
  A draconian scorcher (Zot:1)
  3 deep elf sorcerers
  2 ghost moths
  2 orc warlords (Vaults:1)
  A deep elf elementalist (Elf:3)
  2 draconian stormcallers
  A ghoul (Swamp:2)
  7 ironbound preservers
  A very ugly thing (IceCv)
  2 stone giants
  A deep elf demonologist (Vaults:2)
  A formless jellyfish (Vaults:3)
  A green draconian (Zot:5)
  A deep elf annihilator (Elf:3)
  A bunyip (Swamp:2)
  A minotaur (Gauntlet)
  2 yellow draconians (Zot:3)
  A white draconian (Depths:4)
  4 deep elf death magi
  A spark wasp (Spider:4)
  A war gargoyle (Vaults:3)
  3 red draconians
  A dire elephant (Lair:5)
  An ettin (Zot:1)
  4 crystal guardians
  A green death (Zot:1)
  A deep elf high priest (Elf:3)
  A shambling mangrove (Swamp:3)
  4 fire dragons
  2 yaktaur captains
  Fannar (Lair:1)
  4 entropy weavers
  3 great orbs of eyes
  6 hydras
  6 vault guards
  2 ironbound frosthearts
  2 peacekeepers
  An ogre mage (Vaults:5)
  4 alligators
  A death knight (D:15)
  A spriggan air mage (Depths:4)
  9 centaur warriors
  A boulder beetle (Spider:4)
  2 deep troll shamans (Depths:1)
  2 two-headed ogres
  6 dancing weapons
  A hell hog (Lair:5)
  2 death yaks (Lair:5)
  2 demonic crawlers
  8 spriggans
  2 orc high priests (Orc:2)
  An occultist (Depths:1)
  7 deep elf knights
  Nergalle (Lair:1)
  Sonja (D:11)
  3 skeletal warriors
  9 deep trolls
  An orange crystal statue (IceCv)
  2 death drakes (Swamp:2)
  3 bog bodies (Swamp:2)
  An arcanist (Vaults:4)
  6 swamp dragons
  A sun moth (Spider:1)
  A steelbarb worm (Spider:1)
  3 deep elf archers
  A necromancer (Vaults:1)
  3 ironbound convokers
  4 harpies
  6 deep elf pyromancers
  2 orc knights (Vaults:1)
  An orc sorcerer (Orc:2)
  5 wolf spiders
  2 cyclopes
  5 deep elf zephyrmancers
  2 will-o-the-wisps
  13 ugly things
  A meliai (Spider:4)
  A moth of wrath (Zot:5)
  3 elephants (Lair:5)
  4 vault sentinels
  3 black mambas
  A torpor snail (Lair:2)
  8 cane toads
  8 komodo dragons
  A yaktaur (Vaults:4)
  An anaconda simulacrum (IceCv)
  2 freezing wraiths (IceCv)
  2 trolls
  A queen bee (shapeshifter) (Depths:3)
  A red devil (D:11)
  2 tyrant leeches (Swamp:2)
  An alligator simulacrum (IceCv)
  2 merfolk
  8 hornets
  3 polar bears
  A raiju (Lair:5)
  4 tarantellas
  A blink frog (Lair:4)
  2 dream sheep (Lair:5)
  2 centaur simulacra (Gauntlet)
  2 jumping spiders
  5 culicivoras
  8 slime creatures
  19 yaks
  2 basilisks (D:13)
  A hog (D:15)
  6 wargs
  A vampire mosquito (D:13)
  A fire elemental (D:14)
  7 redbacks
  2 steam dragons
  4 swamp worms
  An acid dragon (Lair:5)
  8 hell hounds
  4 water moccasins
  2 orc warriors (Orc:2)
  A swamp drake (Lair:4)
  5 black bears (Lair:5)
  2 ogres (Orc:1)
  2 boggarts
  2 centaurs (D:13)
  8 wolves
  2 bullfrogs
  A small abomination (Gauntlet)
  An electric eel (Lair:1)
  3 orc priests
  6 iguanas
  3 orc wizards
  2 orcs
  3 frilled lizards (Lair:4)
  4 aspiring fleshes
  A spectral weapon (Swamp:4)
441 creatures vanquished.

Vanquished Creatures (others)
  A deep elf elementalist (Elf:3)
  A yaktaur captain (Vaults:3)
  A vampire mage (Vaults:3)
  A moth of wrath (Zot:3)
  A vault sentinel (Vaults:1)
  5 bloated husks
  2 spriggans
  3 humans (D:15)
  A swamp drake (Swamp:4)
  An orc priest (Orc:1)
  2 ancestors
  84 hexers
  17 foxfires
120 creatures vanquished.

Grand Total: 2425 creatures vanquished

Notes
Turn   | Place    | Note
-------+----------+-------------------------------------------
     0 | D:1      | Ge0ff the Armataur Alchemist began the quest for the Orb.
     0 | D:1      | Reached XP level 1. HP: 14/14 MP: 3/3
    39 | D:1      | Reached skill level 1 in Conjurations
   441 | D:1      | Reached XP level 2. HP: 20/20 MP: 0/5
   570 | D:1      | Learned a level 2 spell: Mercury Vapours
  1091 | D:1      | Reached XP level 3. HP: 17/26 MP: 4/6
  1667 | D:2      | Learned a level 3 spell: Stone Arrow
  1730 | D:2      | Reached skill level 1 in Air Magic
  2467 | D:3      | Reached XP level 4. HP: 33/34 MP: 5/7
  3019 | D:3      | Reached skill level 1 in Fighting
  3025 | D:3      | Reached skill level 1 in Earth Magic
  3027 | D:3      | Reached XP level 5. HP: 18/40 MP: 3/8
  3264 | D:3      | You fall into a shaft and drop 1 floor!
  4775 | D:4      | Reached skill level 1 in Evocations
  4968 | D:5      | Entered Level 5 of the Dungeon
  4968 | D:5      | Noticed Grinder
  4968 | D:5      | Noticed a black bear
  4968 | D:5      | Noticed an ogre
  5034 | D:5      | Reached XP level 6. HP: 45/47 MP: 2/10
  5151 | D:5      | Found a broken altar of Ashenzari.
  5493 | D:5      | Gained mutation: You regenerate magic and health when
                  | rolling toward enemies. (Rampage Regen) [Armataur growth]
  5493 | D:5      | Reached XP level 7. HP: 49/52 MP: 7/11
  5541 | D:5      | Reached skill level 1 in Short Blades
  5734 | D:5      | Paralysed by Grinder for 5 turns
  5739 | D:5      | Killed Grinder
  5783 | D:5      | Noticed Edmund
  5807 | D:5      | Killed Edmund
  6369 | D:6      | Reached XP level 8. HP: 46/59 MP: 4/12
  6436 | D:6      | Learned a level 3 spell: Mephitic Cloud
  6514 | D:6      | Found a staircase to the Ecumenical Temple.
  6523 | D:6      | Reached skill level 5 in Conjurations
  6551 | D:6      | Noticed Eustachio
  7379 | D:6      | Killed Eustachio
  7380 | D:6      | Reached skill level 5 in Earth Magic
  7427 | D:6      | Identified the flux talisman of the Other Side {Dex+3
                  | Stlth+}
  7437 | Temple   | Entered the Ecumenical Temple
  7467 | D:7      | Noticed Duvessa
  7467 | D:7      | Noticed Dowan
  7467 | D:7      | Noticed Maggie
  7512 | D:7      | Learned a level 4 spell: Olgreb's Toxic Radiance
  7944 | D:7      | Killed Duvessa
  7945 | D:7      | Reached skill level 5 in Alchemy
  8336 | D:6      | Killed Dowan
  8724 | D:7      | Maggie changed into Maggie the bullfrog
  8724 | D:7      | Noticed Maggie
  8727 | D:7      | Killed Maggie the bullfrog
  9780 | D:7      | Found a hazy altar of Hepliaklqana.
  9787 | D:7      | Became a worshipper of Hepliaklqana the Forgotten
  9934 | D:8      | Reached XP level 9. HP: 46/64 MP: 8/15
 10259 | D:8      | Noticed Jeremiah
 10422 | D:8      | Found a flagged portal.
 10445 | Bailey   | Entered a bailey
 10711 | Bailey   | Found a bloodstained altar of Trog.
 11286 | D:8      | Found a snail-covered altar of Cheibriados.
 11289 | D:8      | Found a white marble altar of Elyvilon.
 11292 | D:8      | Found a radiant altar of Vehumet.
 11295 | D:8      | Found a bloodstained altar of Trog.
 11318 | D:9      | Noticed Psyche
 11325 | D:9      | Killed Psyche
 11418 | D:9      | Noticed Grum
 11420 | D:9      | Reached skill level 5 in Spellcasting
 11607 | D:9      | Found Tett's Antique Armour Shop.
 11678 | D:9      | Found Zycsuc's Overcharged Wands.
 11694 | D:9      | Reached skill level 5 in Evocations
 11694 | D:9      | Reached XP level 10. HP: 77/77 MP: 9/17
 11738 | D:9      | Killed Grum
 12005 | D:9      | Reached * piety under Hepliaklqana
 13041 | D:10     | Entered Level 10 of the Dungeon
 13228 | D:10     | Reached skill level 5 in Fighting
 13306 | D:10     | Noticed a two-headed ogre
 13312 | D:10     | Killed a two-headed ogre
 13313 | D:10     | Reached skill level 10 in Alchemy
 13313 | D:10     | Reached skill level 1 in Throwing
 13313 | D:10     | Reached skill level 1 in Armour
 13369 | D:10     | Noticed a gargoyle
 13370 | D:10     | Killed a gargoyle
 13556 | D:10     | Reached ** piety under Hepliaklqana
 13557 | D:10     | Remembered your ancestor PupCestor as a hexer
 13842 | D:10     | Reached XP level 11. HP: 77/77 MP: 6/19
 14067 | D:10     | Found an ornate altar of the Wu Jian Council.
 14139 | D:11     | Noticed Sonja
 14146 | D:11     | Killed Sonja
 14237 | D:11     | Found Harhuf's Weapon Shop.
 14239 | D:11     | Found a staircase to the Orcish Mines.
 14780 | D:11     | Identified the amulet "Ariogo Neacw" {Faith rC+ Will+
                  | Slay+6}
 15051 | D:11     | Found a staircase to the Lair.
 16036 | Lair:1   | Entered Level 1 of the Lair of Beasts
 16044 | Lair:1   | Reached skill level 1 in Ranged Weapons
 16469 | Lair:1   | Reached *** piety under Hepliaklqana
 16516 | Lair:1   | Noticed Fannar
 16704 | Lair:1   | Noticed a boulder beetle
 16720 | Lair:1   | Killed a boulder beetle
 17032 | Lair:1   | Reached skill level 1 in Invocations
 17081 | Lair:2   | Reached **** piety under Hepliaklqana
 17087 | Lair:2   | Reached XP level 12. HP: 59/86 MP: 15/22
 17447 | Lair:2   | Found a hole to the Spider Nest.
 17906 | Lair:2   | Reached skill level 5 in Ranged Weapons
 18443 | Lair:3   | Found a runed translucent door.
 18567 | Lair:3   | Found a staircase to the Swamp.
 19012 | Lair:3   | Reached skill level 5 in Invocations
 19094 | Lair:3   | Reached ***** piety under Hepliaklqana
 19146 | Lair:3   | Noticed an alligator
 19151 | Lair:3   | Killed an alligator
 19390 | Lair:3   | Noticed an alligator
 19398 | Lair:3   | Killed an alligator
 19399 | Lair:3   | Reached XP level 13. HP: 94/94 MP: 15/23
 20809 | Lair:4   | Found a viscous altar of Jiyva.
 20809 | Lair:4   | Found a staircase to the Slime Pits.
 22164 | Lair:5   | Entered Level 5 of the Lair of Beasts
 22324 | Lair:5   | Reached skill level 10 in Ranged Weapons
 22817 | Lair:5   | Reached XP level 14. HP: 101/101 MP: 4/24
 25190 | D:8      | Killed Jeremiah
 25379 | Lair:1   | Killed Fannar
 25402 | Lair:1   | Noticed Nergalle
 25412 | Lair:1   | Killed Nergalle
 25625 | Orc:1    | Entered Level 1 of the Orcish Mines
 25625 | Orc:1    | Noticed an orc warlord
 25703 | Orc:1    | Killed an orc warlord
 26127 | Orc:2    | Entered Level 2 of the Orcish Mines
 26202 | Orc:2    | Found a staircase to the Elven Halls.
 26289 | Orc:2    | Found a flickering gateway to a bazaar.
 26305 | Bazaar   | Entered a bazaar
 26305 | Bazaar   | Found Vofaq's Magic Scroll Boutique.
 26305 | Bazaar   | Found Udok Xiu's General Store.
 26323 | Bazaar   | Found Kokhik's Antique Armour Emporium.
 26334 | Bazaar   | Found Kopuemn's Book Shop.
 26347 | Bazaar   | Found Usuar's Antique Weapon Emporium.
 26371 | Bazaar   | Bought a scroll of identify for 18 gold pieces
 26371 | Bazaar   | Bought a potion of mutation for 72 gold pieces
 26371 | Bazaar   | Bought a scroll of poison for 36 gold pieces
 26371 | Bazaar   | Bought a scroll of identify for 18 gold pieces
 26371 | Bazaar   | Bought a scroll of identify for 18 gold pieces
 26379 | Bazaar   | Bought a scroll of immolation for 48 gold pieces
 26379 | Bazaar   | Bought a scroll of enchant weapon for 90 gold pieces
 26379 | Bazaar   | Bought a scroll of teleportation for 36 gold pieces
 26379 | Bazaar   | Bought a scroll of fear for 48 gold pieces
 26379 | Bazaar   | Bought a scroll of teleportation for 36 gold pieces
 26405 | Bazaar   | Bought a book of Minor Magic for 144 gold pieces
 26405 | Bazaar   | Bought a book of Decay for 360 gold pieces
 26408 | Bazaar   | Learned a level 2 spell: Blink
 26412 | Bazaar   | Learned a level 3 spell: Passwall
 26414 | Bazaar   | Learned a level 1 spell: Apportation
 26568 | Orc:2    | Reached skill level 5 in Armour
 26568 | Orc:2    | Reached XP level 15. HP: 101/107 MP: 1/25
 26592 | Orc:2    | Reached skill level 1 in Translocations
 27402 | Orc:2    | Found Atsayss's Weapon Shop.
 27403 | Orc:2    | Found Akaub's Weapon Boutique.
 27404 | Orc:2    | Found Medgh's Weapon Boutique.
 27408 | Orc:2    | Found Utodwi's General Store.
 28429 | D:12     | Reached ****** piety under Hepliaklqana
 30276 | D:13     | Found a portal to a secret trove of treasure.
 31168 | D:14     | Found a gate to the Vaults.
 31334 | D:14     | Noticed Rupert
 31346 | D:14     | Killed Rupert
 31520 | D:14     | Noticed Snorg
 31531 | D:14     | Reached XP level 16. HP: 120/120 MP: 15/26
 31531 | D:14     | Killed Snorg
 31645 | D:14     | Noticed Azrael
 31659 | D:14     | Killed Azrael
 31705 | D:14     | Found an ancient bone altar of Kikubaaqudgha.
 31782 | D:14     | Reached skill level 10 in Fighting
 31816 | D:15     | Entered Level 15 of the Dungeon
 31890 | D:15     | Found a gate leading to a gauntlet.
 31984 | Gauntlet | Entered a Gauntlet
 31984 | Gauntlet | Found a transporter.
 31994 | Gauntlet | Found a transporter.
 32009 | Gauntlet | Found a transporter.
 32014 | Gauntlet | Found a transporter.
 32029 | Gauntlet | Found a transporter.
 32048 | Gauntlet | Found a transporter.
 32060 | Gauntlet | Found a transporter.
 32072 | Gauntlet | Found a transporter.
 32080 | Gauntlet | Found a large runed translucent door.
 32081 | Gauntlet | Found a large runed translucent door.
 32082 | Gauntlet | Found a large runed translucent door.
 32082 | Gauntlet | Found a large runed translucent door.
 32083 | Gauntlet | Found a runed translucent gate.
 32084 | Gauntlet | Found a transporter.
 32084 | Gauntlet | Found a runed translucent gate.
 32085 | Gauntlet | Found a runed translucent gate.
 32086 | Gauntlet | Found a large runed translucent door.
 32086 | Gauntlet | Found a large runed translucent door.
 32087 | Gauntlet | Found a large runed translucent door.
 32088 | Gauntlet | Found a large runed translucent door.
 32096 | Gauntlet | Found a transporter.
 32109 | Gauntlet | Found a large runed translucent door.
 32109 | Gauntlet | Found a large runed translucent door.
 32109 | Gauntlet | Found a runed translucent door.
 32109 | Gauntlet | Found a runed translucent door.
 32110 | Gauntlet | Found a large runed translucent door.
 32111 | Gauntlet | Found a large runed translucent door.
 32113 | Gauntlet | Found a transporter.
 32113 | Gauntlet | Found a transporter.
 32129 | Gauntlet | Found a large runed translucent door.
 32129 | Gauntlet | Found a large runed translucent door.
 32130 | Gauntlet | Found a large runed translucent door.
 32131 | Gauntlet | Found a large runed translucent door.
 32133 | Gauntlet | Found a transporter.
 32135 | Gauntlet | Found a transporter.
 32163 | Gauntlet | Found a transporter.
 32167 | Gauntlet | Found a transporter.
 32195 | Gauntlet | Found a transporter.
 32278 | Gauntlet | Found a transporter.
 32363 | Gauntlet | Reached skill level 15 in Ranged Weapons
 32560 | Gauntlet | Identified the +1 cloak of the Moon {rF+ rCorr}
 32672 | Gauntlet | Identified the ring "Dewkemel" {rElec rC- Will+ rCorr}
 32673 | Gauntlet | Got the Codex of Rallying
 32796 | D:15     | Learned a level 5 spell: Irradiate
 32877 | D:15     | Noticed Roxanne
 32880 | D:15     | Noticed Kirke
 32892 | D:15     | Killed Kirke
 33750 | D:15     | Found a white marble altar of Elyvilon.
 34087 | D:15     | Found a staircase to the Depths.
 34535 | Spider:1 | Entered Level 1 of the Spider Nest
 35230 | Spider:1 | Identified the +13 chain mail of Life {rC- Int+6}
 35797 | Spider:1 | Identified the +0 leather armour of the Endless Expanse
                  | {rElec Stlth+}
 37767 | Spider:2 | Reached XP level 17. HP: 94/128 MP: 15/27
 38460 | Spider:3 | Learned a level 4 spell: Martyr's Knell
 39151 | Spider:3 | Identified the serpent talisman of the Slorg {rElec rCorr
                  | Slay+3}
 39151 | Spider:3 | Noticed Aizul
 39256 | Spider:3 | Reached skill level 1 in Summonings
 39271 | Spider:3 | Got the Treatise on Blasphemous Magicks
 39294 | Spider:3 | Killed Aizul
 39475 | Spider:3 | Reached skill level 1 in Necromancy
 40530 | Spider:4 | Entered Level 4 of the Spider Nest
 40544 | Spider:4 | Got Baorurph's Encyclopedia of the Gathering and Clay
 40951 | Spider:4 | Found a glacial archway.
 40952 | Spider:4 | Noticed Louise
 40968 | Spider:4 | Killed Louise
 40982 | IceCv    | Entered an ice cave
 44116 | Spider:4 | Got a gossamer rune of Zot
 44152 | Spider:4 | Reached XP level 18. HP: 116/138 MP: 28/28
 44510 | Swamp:1  | Entered Level 1 of the Swamp
 45294 | Swamp:2  | Identified the +3 chain mail "Eriobada" {Harm Regen+}
 45327 | Swamp:2  | Found a runed translucent door.
 45356 | Swamp:2  | Noticed Mandevil's ghost (adept GnSh)
 45562 | Spider:2 | Learned a level 6 spell: Eringya's Noxious Bog
 48647 | Swamp:4  | Entered Level 4 of the Swamp
 48707 | Swamp:4  | Noticed Bai Suzhen
 48930 | Swamp:4  | Killed Bai Suzhen
 49610 | Swamp:4  | Noticed the 27-headed Lernaean hydra
 49621 | Swamp:4  | Killed the 27-headed Lernaean hydra
 49811 | Swamp:4  | Reached skill level 5 in Summonings
 50335 | Swamp:4  | Got a decaying rune of Zot
 50713 | Elf:1    | Entered Level 1 of the Elven Halls
 50729 | Elf:1    | Reached XP level 19. HP: 146/148 MP: 24/29
 51008 | Elf:1    | Reached skill level 5 in Necromancy
 51655 | Elf:1    | Identified the +5 battleaxe "Iczuc" {venom, Fly rF- Int+4
                  | Dex+8}
 51722 | Elf:1    | Found Ynkeumam's Book Shop.
 51722 | Elf:1    | Found Wiunwovi's Jewellery Emporium.
 51723 | Elf:1    | Found Demoll's Jewellery Emporium.
 52056 | Elf:2    | Found a runed translucent gate.
 52056 | Elf:2    | Found a runed translucent gate.
 52057 | Elf:2    | Found a runed translucent gate.
 52300 | Elf:2    | Reached skill level 10 in Invocations
 52473 | Elf:2    | Paralysed by an air elemental for 1 turns
 52614 | Elf:2    | Found Geics's Antique Armour Emporium.
 52649 | Elf:2    | Bought a pair of runed gloves for 172 gold pieces
 53402 | Elf:3    | Entered Level 3 of the Elven Halls
 53450 | Elf:3    | Found Niweetum's Vocational Training.
 53456 | Elf:3    | Bought a manual of Invocations for 1280 gold pieces
 53736 | Elf:3    | Reached skill level 15 in Fighting
 54189 | Elf:3    | Identified the +0 ring mail of Datad {rElec rPois rN+
                  | Str-2}
 54604 | Elf:3    | Identified the ring "Kyogu" {Int+6 Stlth+}
 54881 | Elf:3    | Reached XP level 20. HP: 127/154 MP: 27/32
 54983 | Elf:3    | Identified the +1 flail of the Lusting King {heavy, Will+}
 55011 | Elf:3    | Identified the +2 long sword "With Two Names" {distort,
                  | rElec}
 55016 | Elf:3    | Found the -2 hat of the Alchemist {rElec rPois rF+ rC+ rN+
                  | Will+ rMut rCorr}
 55039 | Elf:3    | Identified the +0 ring mail "Urakk" {-Tele rPois rF++ SInv}
 55044 | Elf:3    | Got the Encyclopedia of Electric Execration
 55081 | Elf:3    | Identified the +0 robe of Recklessness {*Slow rN+ Dex+3}
 55530 | D:15     | Killed Roxanne
 55730 | Lair:3   | Got the Compilation of Displaced Gusts
 55893 | Swamp:2  | Killed Mandevil's ghost
 56136 | Vaults:1 | Entered Level 1 of the Vaults
 57235 | Vaults:1 | Noticed Asterion
 57248 | Vaults:1 | Killed Asterion
 57760 | Vaults:1 | Noticed Nikola
 57776 | Vaults:1 | Killed Nikola
 58297 | Vaults:2 | Paralysed by a formless jellyfish for 1 turns
 58398 | Vaults:2 | Reached XP level 21. HP: 144/169 MP: 34/34
 58864 | Vaults:2 | Identified the +3 long sword "Giantbane" {chaos, ^Contam
                  | rElec rC+ Int+4}
 59198 | Vaults:2 | Identified a scroll of acquirement
 59212 | Vaults:2 | Acquired the +0 pair of gloves "Fimopn" {Will+ Str+2 Int+3
                  | Slay+5}
 59445 | Vaults:3 | Found Erawuh's Distillery.
 59689 | Vaults:3 | Reached skill level 10 in Spellcasting
 60245 | Vaults:3 | Found a staircase to the Crypt.
 60313 | Vaults:3 | Reached skill level 15 in Invocations
 60661 | Vaults:1 | Learned a level 5 spell: Lee's Rapid Deconstruction
 60666 | Vaults:1 | Learned a level 4 spell: Dispel Undead
 61151 | Vaults:4 | Found Qulunk's Magic Scroll Shop.
 61158 | Vaults:4 | Bought a scroll of acquirement for 1040 gold pieces
 61158 | Vaults:4 | Bought a scroll of revelation for 150 gold pieces
 61158 | Vaults:4 | Acquired the +3 barding of the Unbroken {Rampage}
 61598 | Vaults:4 | Reached skill level 5 in Dodging
 61730 | Vaults:4 | Found Biriggai's Book Shop.
 61901 | Vaults:4 | Found Xeceheil's Antique Weapon Shop.
 61919 | Vaults:4 | Reached XP level 22. HP: 175/178 MP: 36/36
 62159 | Vaults:4 | Found Gemozepp's General Store.
 62163 | Vaults:4 | Bought a wand of light (8) for 604 gold pieces
 62261 | Vaults:4 | Found Libares's Magic Scroll Boutique.
 62738 | D:13     | You paid a toll of 3 potions of resistance to enter a
                  | treasure trove
 62739 | Trove    | Entered a treasure trove
 62758 | Trove    | Identified the ring of Zyvetz {Dex+4 SInv}
 62770 | Trove    | Identified the +7 longbow of the Puffin {speed, Int+4}
 63028 | Elf:3    | Bought a manual of Evocations for 1280 gold pieces
 63269 | Depths:1 | Entered Level 1 of the Depths
 63269 | Depths:1 | Found a gateway to Hell.
 63483 | Depths:1 | Identified the +7 dagger of Beogh's Delight {vamp, rPois
                  | rCorr Int-4}
 64078 | Depths:1 | Found a sparkling altar of Nemelex Xobeh.
 64359 | Depths:2 | Found a one-way gate to the infinite horrors of the Abyss.
 64848 | Depths:2 | Found a one-way gate leading to the halls of Pandemonium.
 65011 | Depths:2 | Got the Disquisition on Illusion and the Autopsy
 65034 | Depths:2 | Found a shimmering blue altar of Sif Muna.
 65073 | Depths:2 | Noticed an ancient lich
 65077 | Depths:2 | Noticed an ancient lich
 65088 | Depths:2 | Killed an ancient lich
 65089 | Depths:2 | Reached skill level 10 in Armour
 65104 | Depths:2 | Killed an ancient lich
 65151 | Depths:2 | Got the Monograph on Diablerie and Degeneration
 65208 | Depths:2 | Reached skill level 10 in Evocations
 65273 | Depths:2 | Got the Secrets of Beguiling and Generation
 65275 | Depths:2 | Got the Octavo of Formation
 65307 | Depths:2 | Got Heroveng's Quarto of the Throng
 65321 | Depths:2 | Got Sif Muna's Book of Transformed Conduction
 65446 | Depths:2 | Found an opulent altar of Gozag.
 65509 | Depths:2 | Noticed Saint Roka
 65518 | Depths:2 | Killed Saint Roka
 65863 | Depths:3 | Noticed Jory
 65877 | Depths:3 | Killed Jory
 66000 | Depths:3 | Reached XP level 23. HP: 182/185 MP: 37/37
 66385 | Depths:3 | Got the Volume of the Elliptic Snowflakes
 66426 | Depths:3 | Identified the +1 chain mail "Zesuuddi" {^Drain Int+5}
 66719 | Depths:4 | Entered Level 4 of the Depths
 66883 | Depths:4 | Reached skill level 10 in Conjurations
 67257 | Depths:4 | Found a gate to the Realm of Zot.
 67574 | Depths:4 | Found a transporter.
 67630 | Depths:4 | Noticed a caustic shrike
 67631 | Depths:4 | Noticed a caustic shrike
 67639 | Depths:4 | Killed a caustic shrike
 67642 | Depths:4 | Killed a caustic shrike
 67642 | Depths:4 | Noticed a caustic shrike
 67647 | Depths:4 | Killed a caustic shrike
 67690 | Depths:4 | Found a one-way gateway to a ziggurat.
 67893 | Depths:4 | Found a transporter.
 67926 | Depths:4 | Found a transporter.
 67935 | Depths:4 | Found a transporter.
 68378 | Vaults:3 | You fall into a shaft and drop 1 floor!
 68419 | Vaults:5 | Entered Level 5 of the Vaults
 69245 | Vaults:5 | Reached XP level 24. HP: 175/192 MP: 29/37
 69291 | Vaults:5 | Identified the +7 war axe of the Sybil {flame, rF+ Int+3}
 69299 | Vaults:5 | Identified the ring of Interdependent Arising {rN+ Str+9}
 69304 | Vaults:5 | Identified the +5 orcbow "Dragonslayer" {elec, rN+ Str+8
                  | Dex-2}
 69305 | Vaults:5 | Identified the ring "Jousaq" {rC++ AC+4 Stlth+}
 69349 | Vaults:5 | Identified the +10 broad axe of the Turnip {antimagic,
                  | rElec rPois rF+ Str+3}
 69462 | Vaults:5 | Identified the +1 chain mail of Broken Taboos {rElec rF+}
 69469 | Vaults:5 | Identified the ring "Xyxeseur" {rF+ Will+}
 69610 | Vaults:5 | Noticed an ancient lich
 69625 | Vaults:5 | Killed an ancient lich
 69750 | Vaults:5 | Got the Omnibus of Bad Luck and Breccia
 70086 | Vaults:5 | Got a silver rune of Zot
 70341 | Vaults:4 | Bought a scroll of teleportation for 60 gold pieces
 70341 | Vaults:4 | Bought a scroll of vulnerability for 80 gold pieces
 70341 | Vaults:4 | Bought a scroll of brand weapon for 190 gold pieces
 70341 | Vaults:4 | Bought a scroll of fog for 80 gold pieces
 70341 | Vaults:4 | Bought a scroll of teleportation for 60 gold pieces
 70644 | Orc:2    | Bought a lightning rod (4/4) for 520 gold pieces
 70644 | Orc:2    | Bought a scroll of fear for 52 gold pieces
 70768 | D:9      | Bought a wand of mindburst (30) for 630 gold pieces
 70768 | D:9      | Bought a wand of mindburst (30) for 630 gold pieces
 70992 | Vaults:3 | Bought a potion of heal wounds for 90 gold pieces
 70992 | Vaults:3 | Bought a potion of enlightenment for 90 gold pieces
 70992 | Vaults:3 | Bought a potion of cancellation for 144 gold pieces
 70992 | Vaults:3 | Bought a potion of curing for 54 gold pieces
 70992 | Vaults:3 | Bought a potion of curing for 54 gold pieces
 71090 | Vaults:4 | Bought a scroll of revelation for 135 gold pieces
 71090 | Vaults:4 | Bought a scroll of poison for 72 gold pieces
 71090 | Vaults:4 | Bought a scroll of fear for 72 gold pieces
 71090 | Vaults:4 | Bought a scroll of butterflies for 72 gold pieces
 71340 | Zot:1    | Entered Level 1 of the Realm of Zot
 72086 | Zot:1    | Noticed an orb of fire
 72090 | Zot:1    | Killed an orb of fire
 72155 | Zot:1    | Found a transporter.
 72346 | Zot:1    | Found a transporter.
 72347 | Zot:1    | Identified the +5 war axe "Nimneut" {spect, ^Drain rC++
                  | Str+4}
 72725 | Zot:3    | Identified the staff "Arbiter" {rC+ Necro Ice}
 72725 | Zot:3    | Identified the ring of Qehownus {Ice rCorr}
 72725 | Zot:3    | Noticed Josephina
 72738 | Zot:2    | Killed Josephina
 73101 | Zot:3    | Reached skill level 10 in Earth Magic
 73121 | Zot:3    | Noticed an orb of fire
 73128 | Zot:3    | Killed an orb of fire
 73206 | Zot:3    | Identified the +2 orcbow "Ufulotih" {flame, Int+2}
 73302 | Zot:3    | Reached XP level 25. HP: 197/201 MP: 37/37
 73636 | Zot:3    | Noticed an orb of fire
 73647 | Zot:3    | Killed an orb of fire
 73795 | Zot:4    | Reached skill level 15 in Evocations
 74109 | Zot:4    | Found a runed translucent gate.
 74110 | Zot:4    | Found a runed translucent gate.
 74111 | Zot:4    | Found a runed translucent gate.
 74111 | Zot:4    | Found an ancient bone altar of Kikubaaqudgha.
 74111 | Zot:4    | Noticed a dread lich
 74111 | Zot:4    | Noticed an ancient lich
 74111 | Zot:4    | Noticed an ancient lich
 74111 | Zot:4    | Noticed an ancient lich
 74112 | Zot:4    | Noticed Jetoguma's ghost (legendary HuBe)
 74704 | Zot:4    | Killed an ancient lich
 74751 | Zot:4    | Killed a dread lich
 74804 | Zot:4    | Killed an ancient lich
 74957 | Zot:4    | Killed Jetoguma's ghost
 75058 | Zot:4    | Identified the ring of Hepliaklqana's Pride {Ice rElec rN+
                  | Str+5}
 75062 | Zot:4    | Identified the +0 cloak of the Apprentice {rCorr Str+5
                  | Slay+3 Stlth-}
 75112 | Zot:4    | Killed an ancient lich
 76357 | Zot:5    | Entered Level 5 of the Realm of Zot
 76679 | Zot:5    | Noticed an orb of fire
 76688 | Zot:5    | Noticed a Killer Klown
 76700 | Zot:5    | Killed an orb of fire
 76702 | Zot:5    | Noticed a Killer Klown
 76720 | Zot:5    | Noticed an orb of fire
 76722 | Zot:5    | Noticed a Killer Klown
 76729 | Zot:5    | Killed a Killer Klown
 76735 | Zot:5    | Killed an orb of fire
 76736 | Zot:5    | Reached skill level 5 in Stealth
 76750 | Zot:5    | Killed a Killer Klown
 76751 | Zot:5    | Killed a Killer Klown
 77263 | Zot:5    | Noticed an ancient lich
 77273 | Zot:5    | Killed an ancient lich
 77321 | Zot:5    | Noticed a Killer Klown
 77330 | Zot:5    | Killed a Killer Klown
 77361 | Zot:5    | Noticed an ancient lich
 77369 | Zot:5    | Killed an ancient lich
 77433 | Zot:5    | Noticed a Killer Klown
 77440 | Zot:5    | Killed a Killer Klown
 77748 | Zot:5    | Reached XP level 26. HP: 208/208 MP: 37/37
 77817 | Zot:5    | Reached skill level 10 in Dodging
 77857 | Zot:5    | Noticed an orb of fire
 77864 | Zot:5    | Killed an orb of fire
 77940 | Zot:5    | Noticed an orb of fire
 77949 | Zot:5    | Killed an orb of fire
 78003 | Zot:5    | Noticed an ancient lich
 78017 | Zot:5    | Killed an ancient lich
 78450 | Zot:5    | Got the Orb of Zot
 78598 | Depths:4 | Noticed Didimir the pandemonium lord
 78826 | D:9      | Noticed Senageg the pandemonium lord
 79045 | D:$      | Escaped with the Orb!

Illustrated notes

Levels and vault maps discovered:
D:1:      minmay_arrival_five_plusses, layout_basic, serial_rivers,
          chequers_serial_rivers_marsh, chequers_serial_rivers_micro_a,
          chequers_serial_rivers_small_a, chequers_serial_rivers_micro_a,
          chequers_serial_rivers_large_a, chequers_serial_rivers_micro_c
D:2:      minmay_evil_eye, layout_basic
D:3:      layout_basic
D:4:      layout_cave_pools
D:5:      layout_basic, nicolae_ashenzari_skybound, uniq_grinder, uniq_edmund
D:6:      layout_basic, minmay_temple_entry_butterflies, uniq_eustachio
D:7:      layout_layer_cave, worldfamousw_hep_ancestral_shrine, uniq_duvessa,
          uniq_maggie
D:8:      layout_basic, grunt_temple_overflow_cloverleaf, enter_bailey_5,
          kennysheep_small_square, uniq_jeremiah
D:9:      layout_basic, serial_shops, nicolae_shop_crystal,
          nicolae_shop_overcharged_wands, uniq_psyche, uniq_grum
D:10:     layout_loops_ring, nicolae_wu_jian_glorious_leap
D:11:     layout_layer_cave, due_lair_maze_entry_diamond, orc_david_3,
          minmay_beelzebubs_servants, uniq_sonja
D:12:     layout_roguey
D:13:     layout_rooms, enter_trove_6, argonaut_gorgonesque
D:14:     layout_basic, david_vaults_1, st_stairs_4, chequers_decorated_corner,
          minmay_crystal_water, kiku_gazebo_pond_becter, uniq_rupert,
          uniq_snorg, uniq_azrael
D:15:     hangedman_depths_entry_try_elsewhere_first, layout_basic,
          wad_floor_pattern_untrapped, gauntlet_entry_generic,
          nicolae_elyvilon_peaceful_grove, uniq_kirke, uniq_roxanne
Temple:   minmay_freezing_vapour_temple
Lair:1:   layout_regular_city, grunt_megastairs_5, infiniplex_staircase_pool,
          uniq_nergalle, uniq_fannar
Lair:2:   layout_roguey, spider_nest_entry_webs, dreamdust_mushroom_princess,
          chequers_serial_rivers_micro_a, grunt_megastairs_2,
          serial_bayou_shore_b, serial_bayou_shore_a
Lair:3:   onia_ninara_swampy_vault, layout_gridlike,
          minmay_swamp_entry_reptiles, pf_torpor_hydra
Lair:4:   lemuel_reptile_caves, layout_gridlike, minmay_slime_entry_pillars,
          beast_lair_carwin_2
Lair:5:   guppyfry_lair_end_dragon, layout_regular_city,
          hangedman_lair_caniforms_friends, kilobyte_rumbling_trees
Swamp:1:  layout_falls_marsh, evilmike_swamp_ruin_house_3
Swamp:2:  regret_index_all_hallows'_manor, layout_basic_swamp,
          gammafunk_ghost_grave, hangedman_swamp_pad
Swamp:3:  layout_basic_swamp, evilmike_swamp_ruin_house_1
Swamp:4:  swamp_old_school, layout_basic_swamp, swamp_pool_5,
          nicolae_swamp_bean_lake, roderic_carrion_pond,
          nicolae_swamp_snake_nest, uniq_bai_suzhen
Spider:1: layout_cave_pods
Spider:2: layout_cave_pods
Spider:3: layout_cave_pods, uniq_aizul
Spider:4: grunt_spider_rune_parallel, portal_ice_cave_entry_pillars_1,
          uniq_louise
Orc:1:    layout_caves, basic_altar, nicolae_orc_quarried_blocks
Orc:2:    st_orc_mages, layout_diamond_mine, serial_shops, bzr_entry_lakeside
Elf:1:    eino_elf_arrival_customs, layout_loops_cross,
          kennysheep_underground_church, fountainhead, minmay_shop_grove
Elf:2:    elven_hall_of_blades_hangedman_original
          [nicolae_blade_entry_diamond_columns], layout_geoelf_octagon,
          minmay_shop_grid_forest, nicolae_elf_big_sculpture_3,
          nicolae_elf_big_sculpture_2
Elf:3:    minmay_elf_hall, layout_geoelf_octagon, nicolae_shop_vocational
Vaults:1: vaults_mumra_minichess_inversion, grunt_vaults_twisty,
          nicolae_vaults_three_branches, nicolae_vaults_layer_cake_slice,
          vaults_dpeg_encased_lava, nicolae_vaults_big_angled_halls,
          nicolae_vaults_network_barrier, v_misc_14, ontoclasm_vaults_gallery,
          v_misc_13, vaults_room_large_hall, nicolae_vaults_network_s,
          v_misc_32, ontoclasm_vaults_loading_screen,
          nicolae_vaults_little_squares_5, ontoclasm_vaults_misaligned,
          layout_vaults_maze, uniq_nikola, uniq_asterion
Vaults:2: grunt_vaults_funnel, nicolae_vaults_network_periphery,
          nicolae_vaults_storage_closets_1, vaults_room_grid, v_alt_pattern_6,
          vaults_dpeg_ring, v_misc_24, ontoclasm_vaults_eye,
          nicolae_vaults_trapezoid_lopsided_3, grunt_vaults_hallway_short,
          nicolae_vaults_tetromino_Z_1, layout_vaults_big_room
Vaults:3: minmay_crypt_entry_simple_corners, v_alt_pattern_2, v_alt_pattern_6,
          vaults_room_corners, hangedman_vaults_corner, nicolae_vaults_arrows,
          ontoclasm_vaults_misaligned, v_misc_8,
          nicolae_vaults_variable_pillar_hall, nicolae_vaults_murder_corner,
          nicolae_vaults_house_1, vaults_mumra_hex, layout_vaults_omnibox,
          serial_shops, shop_fountains
Vaults:4: v_rooms_4, nicolae_vaults_shrinking_rooms_2, vaults_mumra_minichess,
          nicolae_vaults_heart-shaped_vault, nicolae_vaults_surprise_closet,
          v_alt_pattern_6, nicolae_vaults_hexular_roomagon,
          layout_vaults_omnigrid, serial_shops, shop_fountains,
          nicolae_shop_rolled_up, nicolae_square_shop,
          nicolae_shop_back_alley_shop, nicolae_shop_trees
Vaults:5
Depths:1: layout_cross, nemelex_altar_shiori, hell_entry,
          chequers_serial_rivers_micro_b, solitary_fountain, minmay_the_grid_2x2
          [minmay_the_grid_all_tris, minmay_the_grid_artifice,
          minmay_the_grid_mess, minmay_the_grid_prize_inner_circle],
          grunt_megastairs_3
Depths:2: evilmike_library_of_no_secrets, layout_gridlike,
          rand_demon_pan_entry_8, serial_bayou_pond_a,
          nicolae_abyss_entry_one_way_or_another, hell_entry, minmay_holes,
          grunt_gozag_statues, infiniplex_staircase_star, uniq_saint_roka
Depths:3: nicolae_terramorphic_expanse [nicolae_terramorphic_quarter,
          nicolae_terramorphic_quarter, nicolae_terramorphic_quarter,
          nicolae_terramorphic_quarter, nicolae_terramorphic_quarter,
          nicolae_terramorphic_biome, nicolae_terramorphic_biome,
          nicolae_terramorphic_biome, nicolae_terramorphic_biome], layout_basic,
          pf_coc_iceberg, abyss_entry, grunt_decor_junction, uniq_jory
Depths:4: grunt_twist_and_shout, layout_small_grid, enter_ziggurat_d, hex_tiny,
          grunt_mini_vestibule, abyss_entry, nicolae_transporter_intersection,
          serial_bayou_shore_b
Zot:1:    gammafunk_its_a_trap, layout_basic, regret_index_zotdec_ceiling_fans,
          grunt_ministairs_8
Zot:2:    layout_basic
Zot:3:    grunt_zot_stairs_mandelzot, layout_onion_interference,
          st_small_dragon_hoard_1, uniq_josephina
Zot:4:    layout_gridlike, gammafunk_ghost_crypt, hangedman_zot_decor_slant
Zot:5:    layout_cathedral_of_symmetry, drop_trap, regret_index_zotdec_ex,
          lemuel_golem_globe

Skill      XL: |  1  2  3  4  5  6  7  8  9 10 11 12 13 14 15 16 17 18 19 20 21 22 23 24 25 26 |
---------------+-------------------------------------------------------------------------------+-----
Conjurations   | 1 2 3 4 5 6 7 8 9 10 11 12 | 12.0
Spellcasting   | 2 3 4 5 7 8 9 10 | 10.0
Alchemy        | 3 4 6 8 10 11 12 | 12.0
Air Magic      | 1 2 |  2.0
Fighting       | 1 3 5 6 7 9 10 12 13 15 16 17 18 | 18.0
Earth Magic    | 1 2 4 5 6 7 8 10 | 10.0
Evocations     | 1 2 3 5 6 7 8 10 12 14 16 | 16.6
Short Blades   | 1 |  1.0
Throwing       | 2 |  2.0
Armour         | 1 2 5 7 8 9 10 11 12 | 12.6
Dodging        | 2 3 4 5 6 7 8 9 10 | 10.4
Ranged Weapons | 3 7 10 13 14 15 16 17 18 19 20 | 20.0
Invocations    | 1 5 7 8 9 11 13 15 16 18 20 | 20.1
Translocations | 3 |  3.0
Summonings     | 2 5 |  5.0
Necromancy     | 2 4 5 8 9 |  9.9
Stealth        | 6 8 |  8.9

Action                     |  1- 3 |  4- 6 |  7- 9 | 10-12 | 13-15 | 16-18 | 19-21 | 22-24 | 25-27 || total
---------------------------+-------+-------+-------+-------+-------+-------+-------+-------+-------++-------
  Melee: Short sword       |    23 |     3 |       |       |       |       |       |       |       ||    26
         Tailslap          |     3 |     1 |     6 |    11 |       |       |       |     1 |       ||    22
         Unarmed           |     1 |       |       |       |       |       |       |       |       ||     1
         Dagger            |       |    13 |    44 |     7 |       |       |       |       |       ||    64
         Punch             |       |     1 |     1 |       |       |       |       |       |       ||     2
         Halberd           |       |       |       |    36 |       |       |       |       |       ||    36
         Longbow           |       |       |       |       |       |       |       |     2 |       ||     2
   Fire: Sling             |       |       |       |    85 |       |       |       |       |       ||    85
         Orcbow            |       |       |       |    71 |  1010 |  1392 |   402 |       |       ||  2875
         Longbow           |       |       |       |       |       |       |   758 |  1622 |   636 ||  3016
  Throw: Dart              |       |     8 |    10 |     1 |     6 |    13 |       |       |       ||    38
   Cast: Sting             |    77 |    98 |   110 |    20 |       |       |       |       |       ||   305
         Mercury Vapours   |     1 |    13 |     3 |       |       |       |       |       |       ||    17
         Olgreb's Toxic Ra |       |       |    37 |   109 |   219 |   222 |    65 |    18 |     3 ||   673
         Stone Arrow       |       |       |     8 |    50 |     1 |       |       |       |       ||    59
         Mephitic Cloud    |       |       |     3 |     2 |     1 |     9 |       |       |       ||    15
         Apportation       |       |       |       |       |     1 |    20 |       |     7 |     2 ||    30
         Blink             |       |       |       |       |     5 |    19 |     1 |       |       ||    25
         Passwall          |       |       |       |       |       |     3 |       |     1 |     1 ||     5
         Irradiate         |       |       |       |       |       |    42 |    38 |    27 |    17 ||   124
         Eringya's Noxious |       |       |       |       |       |    10 |     5 |    12 |       ||    27
         Martyr's Knell    |       |       |       |       |       |     2 |    26 |     4 |     4 ||    36
         Lee's Rapid Decon |       |       |       |       |       |       |     2 |       |       ||     2
 Invoke: Ancestor Life: He |       |       |       |     1 |       |       |       |       |       ||     1
         Ancestor Identity |       |       |       |     1 |       |       |       |       |       ||     1
         Recall Ancestor   |       |       |       |     1 |     3 |    18 |     2 |     4 |     5 ||    33
         Idealise          |       |       |       |       |    17 |    17 |     9 |     9 |     6 ||    58
         Transference      |       |       |       |       |       |     2 |       |       |       ||     2
  Evoke: Wand              |       |     1 |    10 |     6 |    14 |    30 |     2 |    13 |     7 ||    83
         Tin of tremorston |       |       |       |       |       |     5 |     6 |     6 |     4 ||    21
         Phial of floods   |       |       |       |       |       |     2 |     2 |     1 |       ||     5
         Phantom mirror    |       |       |       |       |       |     2 |     4 |     4 |     3 ||    13
         Lightning rod     |       |       |       |       |       |       |       |       |     4 ||     4
         Sack of spiders   |       |       |       |       |       |       |       |       |     1 ||     1
    Use: Potion            |       |     3 |       |       |     6 |    12 |       |     3 |     5 ||    29
         Scroll            |       |     1 |    12 |    11 |    12 |    17 |    15 |    14 |     8 ||    90
   Stab: Sleeping          |     2 |       |     2 |       |       |       |       |       |       ||     4
         Distracted        |       |       |       |     1 |       |       |       |       |       ||     1
         Confused          |       |       |       |     1 |       |       |       |       |       ||     1
 Armour: Robe              |    45 |    72 |   184 |   129 |   140 |       |       |       |       ||   570
         Leather armour    |       |       |       |       |   108 |    14 |       |       |       ||   122
         Troll leather arm |       |       |       |       |       |   383 |   365 |   259 |   106 ||  1113
         Swamp dragon scal |       |       |       |       |       |    22 |       |       |       ||    22
  Dodge: Dodged            |    31 |    37 |    79 |    51 |    66 |   134 |    94 |    98 |    39 ||   629

Table legend: (Time is in decaauts)
 A = Elapsed time spent in this place.
 B = Non-inter-level travel time spent in this place.
 C = Inter-level travel time spent in this place.
 D = Time resting spent in this place.
 E = Time spent auto-exploring this place.
 F = Levels seen in this place.
 G = Mean time per level.
                   A        B        C        D        E       F      G
               +--------+--------+--------+--------+--------+-----+--------+
         Total |  77339 |  69176 |   8163 |  11042 |  41815 |  53 | 1459.2 |
       Dungeon |  23751 |  20791 |   2960 |   3444 |  12866 |  15 | 1583.4 |
        Temple |      1 |      1 |      0 |      0 |      0 |   1 |    1.0 |
          Lair |  10152 |   9169 |    983 |   1216 |   5774 |   5 | 2030.4 |
         Swamp |   5813 |   5492 |    321 |    997 |   3220 |   4 | 1453.2 |
   Spider Nest |   8635 |   7987 |    648 |   2561 |   3915 |   4 | 2158.8 |
  Orcish Mines |   2178 |   1735 |    443 |     70 |   1113 |   2 | 1089.0 |
   Elven Halls |   4643 |   4196 |    447 |    485 |   2765 |   3 | 1547.7 |
        Vaults |   8873 |   7439 |   1434 |    476 |   4984 |   5 | 1774.6 |
        Depths |   4626 |   4177 |    449 |    147 |   2936 |   4 | 1156.5 |
           Zot |   6708 |   6234 |    474 |   1255 |   3606 |   5 | 1341.6 |
        Bazaar |    115 |    115 |      0 |      0 |     46 |   1 |  115.0 |
         Trove |     57 |     57 |      0 |      0 |      9 |   1 |   57.0 |
        Bailey |    312 |    312 |      0 |     71 |    104 |   1 |  312.0 |
      Ice Cave |    669 |    669 |      0 |    287 |     25 |   1 |  669.0 |
      Gauntlet |    798 |    798 |      0 |     29 |    450 |   1 |  798.0 |
               +--------+--------+--------+--------+--------+-----+--------+

Top non-repeatable levels by time:
Spider:4: 3048 daAuts
  Lair:5: 2838 daAuts
   Zot:4: 2563 daAuts
    D:11: 2525 daAuts
  Lair:3: 2325 daAuts
Vaults:1: 2236 daAuts
 Swamp:2: 2120 daAuts
    D:15: 2067 daAuts
Spider:3: 2054 daAuts
Spider:2: 1944 daAuts
     D:6: 1870 daAuts
   Zot:5: 1857 daAuts
     D:7: 1818 daAuts
  Lair:2: 1771 daAuts
   Elf:3: 1771 daAuts
